 Dungeon Crawl Stone Soup version 0.28-a0-48-gfd831c5874 (webtiles) character file.

Game seed: 11951780124798958921

58 jasper the Insei (level 4, -2/23 HPs)
             Began as a Vine Stalker Transmuter on July 29, 2021.
             Slain by Grinder (9 damage)
             ... on level 4 of the Dungeon.
             The game lasted 00:04:21 (2217 turns).

jasper the Insei (Vine Stalker Transmuter)          Turns: 2217, Time: 00:04:21

Health: -2/23      AC:  2    Str: 13    XL:     4   Next: 1%
Magic:  0/8        EV: 19    Int: 14    God:
Gold:   141        SH:  0    Dex: 19    Spells: 1/7 levels left

rFire   . . .      SeeInvis .     - Unarmed
rCold   . . .      Faith    .   (shield currently unavailable)
rNeg    . . .      Spirit   +   (armour currently unavailable)
rPois   x          Reflect  .   (helmet currently unavailable)
rElec   .          Harm     .   (cloak currently unavailable)
rCorr   .          Rampage  .   (gloves currently unavailable)
Will    .....                   (boots currently unavailable)
Stlth   ++........              (no amulet)
HPRegen 1.07/turn               (no ring)
MPRegen 0.11/turn               (no ring)

@: brilliant, spider-form (expiring), very slightly contaminated
A: venomous fangs, tiny, (fangs 2), regeneration 1, magic shield, (antimagic
bite), no potion heal 2
a: End Transformation


You were on level 4 of the Dungeon.
You were a venomous arachnid creature.
You visited 1 branch of the dungeon, and saw 4 of its levels.

You collected 141 gold pieces.

Inventory:

Hand Weapons
 d - a +0 dagger of speed
 l - a +0 antimagic hand axe
Missiles
 b - 32 bolts
 e - 61 stones
 g - 7 javelins
 h - a throwing net
Armour
 a - a +0 robe
 f - a +0 leather armour (melded)
Scrolls
 k - a scroll of amnesia
 n - 2 scrolls of identify {unknown}
Potions
 i - a potion of lignification {unknown}
 j - 2 potions of curing {unknown}
 m - a potion of heal wounds {unknown}


   Skills:
 + Level 2.3 Fighting
 - Level 1.5 Dodging
 + Level 4.0 Unarmed Combat
 - Level 2.1 Spellcasting
 - Level 2.0 Transmutations


You had one spell level left.
You knew the following spells:

 Your Spells              Type           Power      Damage    Failure   Level
a - Beastly Appendage     Tmut           20%        N/A       26%         1
b - Wereblood             Tmut           10%        N/A       34%         2
c - Spider Form           Tmut/Pois      3%         N/A       65%         3

Your spell library contained the following spells:

 Spells                   Type           Power      Damage    Failure   Level
 Freeze                   Ice            8%         1d3       45%         1
 Frozen Ramparts          Ice            4%         1d2       77%         3
 Ice Form                 Ice/Tmut       6%         N/A       94%         4
 Hailstorm                Conj/Ice       2%         3d3       98%         4


Dungeon Overview and Level Annotations

Branches:
Dungeon (4/15)
 Temple: D:4-7

Altars:

Annotations:
D:4 Grinder


Innate Abilities, Weirdness & Mutations

You are a venomous arachnid creature.
You have poisonous fangs.
You are tiny and dextrous.
Your spellcasting is less reliable in this form.
Your armour is entirely melded.
You are incapable of wielding weapons or throwing items.
((You have extremely sharp teeth.))
Your natural rate of healing is unusually fast.
When hurt, damage is shared between your health and your magic reserves.
((Your bite disrupts and absorbs the magic of your enemies.))
Potions cannot restore your health.


Message History

You feel clever all of a sudden.
Okay, then.
Casting: Beastly Appendage (safe; 13% risk of failure)
Confirm with . or Enter, or press ? or * to list all spells.
The spell is potentially lethal to cast (52% risk of failure)!
Continue anyway?
You feel a surge of power!
You miscast Spider Form.
You are very lightly contaminated with residual magic.
You feel incredibly sick!
You are poisoned.
You feel sick. Grinder gestures at you.
You shrug off the repeated paralysis!
You take 9 damage, and have 14/23 hp.
MASSIVE DAMAGE!!
You now have 3/8 mp.
Casting: Spider Form (potentially lethal; 52% risk of failure)
Confirm with . or Enter, or press ? or * to list all spells.
The spell is potentially lethal to cast (52% risk of failure)!
Continue anyway?
You feel a surge of power!
You turn into a venomous arachnid creature.
Your +0 leather armour melds into your body.
You feel sick.
You now have 1/8 mp.
You hit Grinder.
Grinder is poisoned.
Grinder is lightly wounded.
You feel sick. Grinder closely misses you.
You hit Grinder.
Grinder is moderately wounded.
Grinder hits you.
You writhe in agony.
You take 1 damage, and have 13/23 hp.
You hit Grinder.
Grinder is heavily wounded.
Your transformation is almost over.
You feel sick. Grinder hits you.
You writhe in agony.
* * * LOW HITPOINT WARNING * * *
You take 7 damage, and have 6/23 hp.
MASSIVE DAMAGE!!
You now have 0/8 mp.
You feel sick.
You are no longer poisoned.
You closely miss Grinder.
Grinder is severely wounded.
Grinder hits you!
You die...

##.##...........#
#.[..#.........#
##†##...........
.
#.##............
..
#.#.............
...#
##.##............
.....##
#.####...........
.......#######.#
##.........
#.......5s##
#.....
......###..##..#
....# #....##.#
### #######.# ###


You could see Grinder (very poisoned).

Vanquished Creatures
  3 dart slugs
  2 orcs (D:3)
  8 endoplasms
  A giant cockroach (D:3)
  8 goblins
  3 hobgoblins
  4 jackals (D:1)
  2 quokkas (D:2)
  3 ball pythons (D:1)
  3 bats
  2 frilled lizards (D:1)
  2 kobolds (D:1)
  3 rats
44 creatures vanquished.

Vanquished Creatures (others)
  3 fungi (D:3)
3 creatures vanquished.

Grand Total: 47 creatures vanquished

Notes
Turn   | Place    | Note
-------+----------+-------------------------------------------
     0 | D:1      | jasper the Vine Stalker Transmuter began the quest for the
                  | Orb.
     0 | D:1      | Reached XP level 1. HP: 9/9 MP: 4/4
    51 | D:1      | Reached skill level 1 in Fighting
   282 | D:1      | Reached XP level 2. HP: 14/14 MP: 4/6
   327 | D:1      | Learned a level 2 spell: Wereblood
   724 | D:1      | Reached XP level 3. HP: 16/18 MP: 5/7
   739 | D:1      | Learned a level 3 spell: Spider Form
  1194 | D:2      | Found a faded altar of an unknown god.
  2187 | D:4      | Reached skill level 4 in Unarmed Combat
  2187 | D:4      | Gained mutation: Your natural rate of healing is unusually
                  | fast. [Vine Stalker growth]
  2187 | D:4      | Reached XP level 4. HP: 23/23 MP: 8/8
  2200 | D:4      | Noticed Grinder
  2204 | D:4      | Paralysed by Grinder for 5 turns
  2217 | D:4      | Slain by Grinder

Illustrated notes

Levels and vault maps discovered:
D:1:      dpeg_arrival_round_b, layout_basic
D:2:      layout_loops_cross, basic_ecumenical_altar
D:3:      layout_loops_cross, serial_undead, serial_undead_c, serial_undead_a,
          serial_undead_d, serial_undead_e, ebering_ghost_reflecting_pool,
          minmay_misc_feat_tower, minmay_gold_behind_fungi
D:4:      layout_cave_pods, minmay_temple_entry_drinking_statues, uniq_duvessa,
          uniq_grinder, uniq_menkaure

Skill      XL: |  1  2  3 |
---------------+----------+-----
Fighting       | 1 2 |  2.3
Unarmed Combat | 4 |  4.0
Dodging        | |  1.5
Spellcasting   | |  2.1
Transmutations | |  2.0

Action                   |  1- 3 |  4- 6 || total
-------------------------+-------+-------++-------
Melee: Unarmed           |    76 |     4 ||    80
       Bite              |    14 |       ||    14
       Kick              |     8 |       ||     8
       Headbutt          |     4 |       ||     4
       Punch             |     1 |       ||     1
Throw: Stone             |    10 |       ||    10
       Javelin           |    27 |       ||    27
 Cast: Beastly Appendage |    18 |       ||    18
       Wereblood         |     1 |       ||     1
       Spider Form       |       |     1 ||     1
  Use: Scroll            |     2 |       ||     2
       Potion            |       |     1 ||     1
 Stab: Sleeping          |     1 |       ||     1
Armor: Robe              |     2 |       ||     2
       Leather armour    |    12 |       ||    12
Dodge: Dodged            |    26 |     1 ||    27

Table legend: (Time is in decaauts)
 A = Elapsed time spent in this place.
 B = Non-inter-level travel time spent in this place.
 C = Inter-level travel time spent in this place.
 D = Time resting spent in this place.
 E = Time spent auto-exploring this place.
 F = Levels seen in this place.
 G = Mean time per level.
                   A        B        C        D        E       F      G
               +--------+--------+--------+--------+--------+-----+--------+
         Total |   2226 |   2159 |     67 |    196 |   1590 |   4 |  556.5 |
       Dungeon |   2226 |   2159 |     67 |    196 |   1590 |   4 |  556.5 |
               +--------+--------+--------+--------+--------+-----+--------+

Top non-repeatable levels by time:
     D:1: 1097 daAuts
     D:2: 728 daAuts
     D:4: 273 daAuts
     D:3: 125 daAuts
